 Dungeon Crawl Stone Soup version 0.27-a0-1200-g94dc6ad4cf (webtiles) character file.

Game seed: 5321683261879820752

8180 quinnr the Thaumaturge (level 11, -13/84 HPs)
             Began as a Djinni Ice Elementalist on May 31, 2021.
             Was an Elder of Makhleb.
             Killed from afar by a rime drake (24 damage)
             ... with a flash freeze
             ... on level 1 of the Lair of Beasts.
             The game lasted 00:50:10 (17913 turns).

quinnr the Thaumaturge (Djinni Ice Elementalist)   Turns: 17913, Time: 00:50:11

Health: -13/84     AC:  9    Str:  7    XL:     11   Next: 51%
Gold:   266        EV: 14    Int: 20    God:    Makhleb [****..] SH:  5 Dex: 14

rFire    + + .     SeeInvis .   p - staff of cold
rCold    . . .     Faith    .   (no shield)
rNeg     . . .     Spirit   .   J - +2 steam dragon scales
rPois    ∞         Reflect  +   (no helmet)
rElec    .         Harm     .   x - +0 cloak
rCorr    .         Rampage  .   L - +0 pair of gloves
Will     +....                  (boots unavailable)
Stlth    +++.......             u - amulet of reflection
HPRegen  0.24/turn              (no ring)
MPRegen  0.00/turn              (no ring)

@: flying, studying Stealth
A: sickness immunity, fire resistance 2, cold vulnerability 1, float, innate
caster, hp casting, extra vitality 1
a: Renounce Religion, Minor Destruction, Lesser Servant of Makhleb, Major
Destruction


You were on level 1 of the Lair of Beasts.
You worshipped Makhleb.
Makhleb was greatly pleased with you.
You visited 3 branches of the dungeon, and saw 12 of its levels.
You also visited: Ossuary.

You collected 408 gold pieces.
You spent 142 gold pieces at shops.

Inventory:

Hand Weapons
 e - a +2 vorpal dagger
Missiles
 b - 305 stones
 h - 15 boomerangs
 E - 3 throwing nets
 G - 30 poisoned darts
 I - 6 curare-tipped darts
Armour
 a - a +0 robe
 l - a +2 leather armour of fire resistance
 x - a +0 cloak (worn)
 y - the +0 kite shield of Zafrop {rPois rF+}
   (You found it on level 5 of the Dungeon)

   It protects you from fire.
   It protects you from poison.
 J - +2 steam dragon scales (worn)
 L - a +0 pair of gloves (worn)
Magical Staves
 p - a staff of cold (weapon)
 q - a staff of earth
 s - a staff of death
 O - a staff of air
 P - a staff of air
Jewellery
 u - an amulet of reflection (around neck)
Wands
 w - a wand of flame (18)
 C - a wand of paralysis (2)
 D - a wand of mindburst (14)
 H - a wand of iceblast (28)
Scrolls
 c - 4 scrolls of teleportation
 i - 2 scrolls of fog
 o - a scroll of summoning
 r - 5 scrolls of noise
 v - 2 scrolls of brand weapon
 B - 2 scrolls of amnesia {unknown}
 M - 3 scrolls of blinking
 N - a scroll of immolation
Potions
 d - 6 potions of curing
 f - 3 potions of heal wounds
 g - 6 potions of might
 j - a potion of brilliance
 k - 3 potions of mutation
 m - a potion of ambrosia
 n - a potion of lignification
 t - 2 potions of haste
 z - 2 potions of cancellation
 A - 2 potions of invisibility
 F - 5 potions of flight
 K - a potion of magic


   Skills:
 + Level 9.3 Fighting
 + Level 2.2 Armour
 - Level 6.0 Dodging
 + Level 6.9 Stealth
 - Level 10.0 Spellcasting


You couldn't memorise any spells.
You knew the following spells:

 Your Spells              Type           Power      Damage    Failure   Level
a - Freeze                Ice            100%       1d11      1%          1
b - Frozen Ramparts       Ice            100%       1d12      1%          3
c - Ozocubu's Armour      Ice            66%        N/A       1%          3
d - Hailstorm             Conj/Ice       66%        3d14      1%          4
e - Metabolic Englaciati  Hex/Ice        33%        N/A       3%          5
f - Sting                 Tmut/Pois      100%       1d8       1%          1
g - Call Imp              Summ           50%        N/A       1%          2
h - Corpse Rot            Necr/Air       N/A        N/A       1%          2
i - Leda's Liquefaction   Hex/Erth       25%        N/A       1%          4
j - Alistair's Intoxicat  Tmut/Pois      33%        N/A       3%          5
Your spell library was empty.

Dungeon Overview and Level Annotations

Branches:
Dungeon (10/15)            Temple (1/1) D:5            Lair (1/6) D:9
    Orc (0/2) D:9         Ossuary (visited)

Altars:
Ashenzari
Cheibriados
Dithmenos
Elyvilon
Fedhas
Gozag
Hepliaklqana
Kikubaaqudgha
Makhleb
Nemelex Xobeh
Okawaru
Qazlal
Ru
Sif Muna
Trog
Uskayaw
Vehumet
Wu Jian
Xom
Yredelemnul
Zin
The Shining One

Shops:
D:3 =   D:8 ?


Innate Abilities, Weirdness & Mutations

You are immune to sickness and miasma.
You are immune to poison.
Your flesh is very heat resistant. (rF++)
You are vulnerable to cold. (rC-)
You float through the air rather than walking.
You learn spells naturally, not from books.
Your magical power is your life essence.
You have superior vitality. (+4 HP)


Message History

Your crimson imp hits the cane toad but does no damage.
The cane toad stings your crimson imp!
Your crimson imp barely misses the cane toad.
The cane toad stings your crimson imp!!
Your crimson imp dies!
Casting: Call Imp (safe; 1% risk of failure)
Confirm with . or Enter, or press ? or * to list all spells.
A beastly little devil appears in a puff of flame.
The ice encasing you melts away.
The komodo dragon closely misses your crimson imp.
Your white imp hits the cane toad but does no damage.
The rime drake bites your white imp but does no damage.
Casting: Call Imp (safe; 1% risk of failure)
Confirm with . or Enter, or press ? or * to list all spells.
Aiming: Sting (safe; 1% risk of failure)
Press: ? - help, Shift-Dir - straight line, f - cane toad
Aim: a cane toad (water, ally target, 81% to hit)
Okay, then.
You block the cane toad's attack.
The komodo dragon bites your crimson imp!
The rime drake breathes ice at you. The flash freeze hits you!!
You are encased in ice.
Your white imp hits the cane toad but does no damage.
Unknown command.
As you read the scroll of fog, it crumbles to dust.
The scroll dissolves into smoke.
The cane toad closely misses you.
Your white imp hits the cane toad but does no damage.
The cane toad stings you but does no damage.
Your crimson imp blinks!
The komodo dragon barely misses you. The cane toad barely misses you.
The cane toad stings you.
The komodo dragon bites you but does no damage.
The ice encasing you melts away. The cane toad stings you!
* * * LOW HITPOINT WARNING * * *
The komodo dragon closely misses you. The rime drake breathes ice at you.
The flash freeze hits you!!
You die...

♣♣≈≈P≈≈.........♣♣♣##.....#
#≈≈≈≈≈≈≈..........♣#....#..
♣≈5≈≈≈5≈§..≈≈≈......#...###
#≈≈≈≈≈§§§§≈≈≈≈≈≈........###
♣§§§§§≈≈≈≈≈≈........##
♣§§§§§≈≈≈≈≈≈....##..##
♣§§§5F≈≈≈≈≈≈....##..##
♣≈≈≈lk≈≈≈≈≈≈....###..#
♣≈.P≈@≈≈≈≈≈....####..#
♣♣.)..≈≈≈≈.....# #...#
♣...........♣♣# ##...
♣♣..........♣ #....
♣.P.....P.♣♣ #....
♣♣♣.....♣♣♣ #.... ♣...P.♣
#.#.. ♣♣♣.♣♣♣ ###.. ♣♣♣
♣♣♣### #...


You could see a komodo dragon, a cane toad, a rime drake (catching breath, ally
target) and a friendly white imp (summoned).

Vanquished Creatures
  2 hydras (Lair:1)
  An oklob plant (Lair:1)
  A cane toad (Lair:1)
  Maggie (D:7)
  A troll (D:9)
  A meliai (D:9)
  A blink frog (Lair:1)
  A shadow (D:9)
  6 yaks
  A steam dragon (D:8)
  An acid dragon (D:9)
  2 water moccasins
  4 orc warriors
  2 sky beasts
  A necrophage (D:7)
  A black bear (D:6)
  2 centaurs
  A phantom (D:5)
  2 kobold brigands
  6 bullfrogs
  6 scorpions (Ossuary)
  5 killer bees
  3 howler monkeys
  A wight (D:9)
  3 centaur zombies
  4 hounds
  Crazy Yiuf (D:4)
  2 human zombies (Ossuary)
  9 orc priests
  A centaur skeleton (D:4)
  Ijyb (D:4)
  A gnoll shaman (D:9)
  Natasha (thrice) (D:4)
  3 iguanas
  11 orc wizards
  A mummy (Ossuary)
  A hound skeleton (D:4)
  Robin (D:4)
  An adder (D:6)
  2 worms (D:2)
  2 dart slugs (D:1)
  45 orcs
  5 endoplasms
  A giant cockroach (D:3)
  7 hobgoblins
  8 jackals (D:1)
  3 quokkas
  3 ball pythons
  3 bats
  6 frilled lizards
  9 goblins
  A goblin zombie (Ossuary)
  A hobgoblin zombie (Ossuary)
  15 kobolds
  An orc zombie (Ossuary)
  3 rats
  A bush (Lair:1)
212 creatures vanquished.

Vanquished Creatures (collateral kills)
  A steam dragon (D:7)
  2 bullfrogs
  Blork the orc (D:5)
  A scorpion (Ossuary)
  A killer bee (D:9)
  2 wights (D:9)
  An electric eel (D:7)
  A bullfrog zombie (D:5)
  5 centaur zombies
  A hound (D:5)
  A bullfrog skeleton (D:5)
  2 centaur skeletons
  2 iguanas
  2 scorpion zombies (Ossuary)
  2 orc wizards (D:9)
  2 mummies (Ossuary)
  A hound skeleton (D:4)
  6 orcs
  2 endoplasms (D:4)
  5 goblins (D:4)
  A hobgoblin (D:4)
  3 gnoll zombies (Ossuary)
  A goblin zombie (Ossuary)
  2 hobgoblin zombies (Ossuary)
  3 kobold zombies (Ossuary)
  An orc zombie (Ossuary)
  A quokka skeleton (D:4)
53 creatures vanquished.

Vanquished Creatures (others)
  4 fungi (Lair:1)
  6 plants (Lair:1)
  12 toadstools (Lair:1)
22 creatures vanquished.

Grand Total: 287 creatures vanquished

Notes
Turn   | Place    | Note
-------+----------+-------------------------------------------
     0 | D:1      | quinnr the Djinni Ice Elementalist began the quest for the
                  | Orb.
     0 | D:1      | Reached XP level 1. HP: 15/15 MP: 0/0
   303 | D:1      | Reached XP level 2. HP: 14/21 MP: 0/0
   991 | D:1      | Reached XP level 3. HP: 18/25 MP: 0/0
   991 | D:1      | Learned a level 1 spell: Sting
  1205 | D:1      | Reached skill level 4 in Spellcasting
  1814 | D:2      | Found a faded altar of an unknown god.
  1937 | D:2      | Reached XP level 4. HP: 30/31 MP: 0/0
  3155 | D:3      | Found Sest's Jewellery Shoppe.
  3773 | D:4      | Noticed Ijyb
  4121 | D:4      | Reached XP level 5. HP: 24/35 MP: 0/0
  4121 | D:4      | Learned a level 2 spell: Call Imp
  4229 | D:4      | Noticed Robin
  4493 | D:4      | Killed Robin
  4494 | D:4      | Reached skill level 5 in Spellcasting
  4804 | D:4      | Found a runed translucent door.
  4805 | D:4      | Noticed Crazy Yiuf
  4831 | D:4      | Noticed Natasha
  4839 | D:4      | Killed Natasha
  4840 | D:4      | Reached XP level 6. HP: 35/40 MP: 0/0
  4927 | D:4      | Noticed Natasha
  4939 | D:4      | Killed Natasha
  5123 | D:4      | Killed Ijyb
  5480 | D:4      | Noticed Natasha
  5488 | D:4      | Killed Natasha
  5489 | D:4      | Killed Crazy Yiuf
  5490 | D:4      | Reached skill level 6 in Spellcasting
  5651 | D:5      | Entered Level 5 of the Dungeon
  5672 | D:5      | Reached XP level 7. HP: 21/45 MP: 0/0
  5672 | D:5      | Learned a level 2 spell: Corpse Rot
  5981 | D:5      | Identified the +0 kite shield of Zafrop {rPois rF+}
  6097 | D:5      | Noticed Blork the orc
  6108 | D:5      | Killed Blork the orc
  7168 | D:5      | Found a staircase to the Ecumenical Temple.
  7193 | D:5      | Reached skill level 7 in Spellcasting
  7552 | Temple   | Entered the Ecumenical Temple
  7623 | Temple   | Became a worshipper of Makhleb the Destroyer
  7644 | D:5      | Reached XP level 8. HP: 44/50 MP: 0/0
  8409 | D:6      | Reached skill level 8 in Spellcasting
  9611 | D:7      | Reached XP level 9. HP: 42/55 MP: 0/0
  9611 | D:7      | Learned a level 4 spell: Leda's Liquefaction
  9805 | D:7      | Noticed Maggie
  9820 | D:7      | Killed Maggie
  9821 | D:7      | Reached skill level 9 in Spellcasting
 11356 | D:7      | quinnr: ??liquid
 11356 | D:7      | beem: leda's liquefaction[1/2]: Level 4 earth/hexes spell,
                  | found in the Book of Earth and Book of Debilitation.
                  | Generates a halo of "liquefied" ground around the caster.
                  | Moving on liquefied ground has a -3 player movement malus.
                  | Applies slow movement effect to monsters. Doesn't affect
                  | flying, clinging, insubstantials; cannot be cast by these.
 11356 | D:7      | quinnr: ??liquid[2
 11356 | D:7      | beem: leda's liquefaction[2/2]: You will see a lot of "Your
                  | unstable footing causes you to fumble your attack."
 11691 | D:8      | Reached * piety under Makhleb
 11692 | D:8      | Reached skill level 10 in Spellcasting
 11742 | D:8      | Reached skill level 1 in Fighting
 11799 | D:8      | Identified a scroll of acquirement
 11799 | D:8      | Acquired a manual of Stealth
 11885 | D:8      | Found a sand-covered staircase.
 11893 | Ossuary  | Entered an ossuary
 12664 | Ossuary  | Reached ** piety under Makhleb
 12753 | Ossuary  | Reached XP level 10. HP: 56/67 MP: 0/0
 13287 | D:8      | Found Jiobuupecw's Magic Scroll Boutique.
 13295 | D:8      | Bought a scroll of blinking for 97 gold pieces
 13295 | D:8      | Bought a scroll of immolation for 45 gold pieces
 13540 | D:9      | Reached skill level 5 in Fighting
 13727 | D:9      | Reached skill level 5 in Stealth
 14289 | D:9      | Reached *** piety under Makhleb
 14304 | D:9      | quinnr: ??slowM
 14304 | D:9      | beem: I don't have a page labeled slowM in my learndb. Did
                  | you mean: slow, *slow.
 14839 | D:9      | Found a staircase to the Lair.
 15258 | D:9      | Found a staircase to the Orcish Mines.
 15887 | D:10     | Entered Level 10 of the Dungeon
 15934 | Lair:1   | Entered Level 1 of the Lair of Beasts
 16003 | Lair:1   | Noticed a five-headed hydra
 16021 | Lair:1   | Killed a five-headed hydra
 16022 | Lair:1   | Reached XP level 11. HP: 72/82 MP: 0/0
 16022 | Lair:1   | Learned a level 5 spell: Alistair's Intoxication
 16086 | Lair:1   | Noticed an oklob plant
 16797 | Lair:1   | Killed an oklob plant
 17172 | Lair:1   | Noticed a six-headed hydra
 17354 | Lair:1   | Killed a six-headed hydra
 17524 | Lair:1   | Reached skill level 1 in Armour
 17634 | Lair:1   | Reached **** piety under Makhleb
 17913 | Lair:1   | Killed from afar by a rime drake

Illustrated notes

Levels and vault maps discovered:
D:1:      minmay_arrival_four_loops, layout_basic
D:2:      minmay_angry_zag, layout_basic,
          hellmonk_ecumenical_altar_inner_sanctum
D:3:      layout_basic, serial_shops, nicolae_shop_window_shopping
D:4:      layout_basic, minmay_misc_feat_chi, uniq_natasha, uniq_robin,
          uniq_crazy_yiuf_cottage, uniq_ijyb
D:5:      layout_basic, minmay_temple_entry_purple_smoke, uniq_blork_the_orc
D:6:      layout_cave_pods
D:7:      layout_gridville, kennysheep_generic_room_2, uniq_maggie
D:8:      layout_cave_pools, lemuel_round_altar, serial_shops, shop,
          chequers_ossuary_entry_cave, kennysheep_cluttered_room,
          roderic_roman_lattice
D:9:      minmay_general_purpose_star, layout_rooms, lair_entry_dummy,
          hiddenorc2_lemuel, st_stairs_10
D:10:     layout_long_grid, lightli_corner_chamber, uniq_sonja, uniq_fannar,
          uniq_josephine
Temple:   grunt_wide_crystal_templ
Lair:1:   gammafunk_lair_enchanted_lake, layout_misc_corridors,
          minmay_lair_oklob_items

Skill      XL: |  1  2  3  4  5  6  7  8  9 10 11 |
---------------+----------------------------------+-----
Spellcasting   | 4 5 6 7 8 10 | 10.0
Fighting       | 3 8 9 |  9.3
Stealth        | 3 6 |  6.9
Dodging        | 3 6 |  6.0
Armour         | 2 |  2.2

Action                   |  1- 3 |  4- 6 |  7- 9 | 10-12 || total
-------------------------+-------+-------+-------+-------++-------
Melee: Dagger            |    17 |     8 |       |       ||    25
       Staff             |       |    19 |    54 |    25 ||    98
Throw: Boomerang         |       |       |       |     2 ||     2
 Cast: Freeze            |    35 |    22 |    79 |    57 ||   193
       Frozen Ramparts   |     7 |    15 |    26 |    20 ||    68
       Ozocubu's Armour  |     1 |     5 |     2 |     4 ||    12
       Sting             |       |    16 |    32 |    34 ||    82
       Hailstorm         |       |    10 |    22 |    36 ||    68
       Call Imp          |       |    21 |    73 |   103 ||   197
       Leda's Liquefacti |       |       |     5 |     4 ||     9
       Metabolic Englaci |       |       |       |     5 ||     5
       Corpse Rot        |       |       |       |     2 ||     2
Evoke: Wand              |       |       |     1 |     2 ||     3
  Use: Scroll            |     2 |     4 |    13 |     6 ||    25
       Potion            |       |       |     1 |     1 ||     2
 Stab: Sleeping          |     1 |       |       |       ||     1
       Distracted        |       |       |     3 |     1 ||     4
Armor: Robe              |     4 |    29 |    12 |       ||    45
       Steam dragon scal |       |       |    52 |    39 ||    91
Dodge: Dodged            |    23 |    49 |    97 |    74 ||   243
Block: Other             |       |    16 |    34 |    22 ||    72
       Reflection        |       |       |     4 |     2 ||     6

Table legend: (Time is in decaauts)
 A = Elapsed time spent in this place.
 B = Non-inter-level travel time spent in this place.
 C = Inter-level travel time spent in this place.
 D = Time resting spent in this place.
 E = Time spent auto-exploring this place.
 F = Levels seen in this place.
 G = Mean time per level.
                   A        B        C        D        E       F      G
               +--------+--------+--------+--------+--------+-----+--------+
         Total |  17966 |  17145 |    821 |   6246 |   8282 |  13 | 1382.0 |
       Dungeon |  14974 |  14216 |    758 |   4627 |   7652 |  10 | 1497.4 |
        Temple |     80 |     56 |     24 |      0 |     55 |   1 |   80.0 |
          Lair |   1843 |   1806 |     37 |   1014 |    484 |   1 | 1843.0 |
       Ossuary |   1068 |   1068 |      0 |    605 |     91 |   1 | 1068.0 |
               +--------+--------+--------+--------+--------+-----+--------+

Top non-repeatable levels by time:
     D:7: 2473 daAuts
     D:4: 1955 daAuts
     D:9: 1898 daAuts
  Lair:1: 1843 daAuts
     D:1: 1739 daAuts
     D:5: 1737 daAuts
     D:8: 1525 daAuts
     D:2: 1340 daAuts
     D:6: 1262 daAuts
 Ossuary: 1068 daAuts
     D:3: 1040 daAuts
  Temple: 80 daAuts
    D:10: 1 daAuts
